 Dungeon Crawl Stone Soup version 0.26.1-11-gd32895ea62 (webtiles) character file.

Game seed: 16872171598030309625

109 Saba the Bolt Thrower (level 4, -1/28 HPs)
             Began as a Gargoyle Hunter on July 4, 2021.
             Slain by a gnoll
             ... wielding a +0 spear
              (6 damage)
             ... on level 3 of the Dungeon.
             The game lasted 00:02:04 (2440 turns).

Saba the Bolt Thrower (Gargoyle Hunter)             Turns: 2440, Time: 00:02:05

Health: -1/28      AC:  6    Str: 17    XL:     4   Next: 90%
Magic:  4/4        EV: 12    Int: 11    God:
Gold:   69         SH:  0    Dex: 10    Spells: 3/3 levels left

rFire    . . .     SeeInvis .   e - +0 mace (distort)
rCold    . . .     Faith    .   (no shield)
rNeg     + . .     Spirit   .   c - +0 leather armour
rPois    ∞         Reflect  .   (no helmet)
rElec    +         Harm     .   (no cloak)
rCorr    .         Rampage  .   (no gloves)
Will     .....                  (no boots)
Stlth    +.........             (no amulet)
HPRegen  0.09/turn              (no ring)
MPRegen  0.09/turn              (no ring)

@: no status effects
A: negative energy resistance 1, electricity resistance, unbreathing,
petrification resistance, miasma immunity, AC +3
a: no special abilities


You were on level 3 of the Dungeon.
You visited 1 branch of the dungeon, and saw 3 of its levels.

You collected 69 gold pieces.

Inventory:

Hand Weapons
 a - a +1 hand crossbow
 e - a +0 mace of distortion (weapon)
Missiles
 d - 20 bolts
Armour
 c - a +0 leather armour (worn)
Scrolls
 h - a scroll of enchant weapon {unknown}
 j - a scroll of teleportation {unknown}
 k - 3 scrolls of identify {unknown}
 l - a scroll of noise {unknown}
 m - a scroll of remove curse {unknown}
Potions
 b - 2 potions of cancellation {unknown}
 f - 2 potions of resistance {unknown}
 g - 2 potions of curing {unknown}
 i - a potion of might {unknown}


   Skills:
 + Level 3.2 Fighting
 + Level 4.5 Crossbows
 + Level 2.2 Armour
 + Level 2.4 Dodging
 - Level 1.1 Stealth


You had 3 spell levels left.
You didn't know any spells.
Your spell library was empty.

Dungeon Overview and Level Annotations

Branches:
Dungeon (3/15)

Altars:
Dithmenos


Innate Abilities, Weirdness & Mutations

You are resistant to torment.
Your stone body is resilient. (AC +3)
You are immune to poison.
You resist negative energy. (rN+)
You are resistant to electric shocks. (rElec)
You can survive without breathing.
You are immune to petrification.
You are immune to miasma.


Message History

You barely miss the gnoll.
The gnoll is heavily wounded.
The gnoll misses you. The gnoll closely misses you.
The gnoll closely misses you.
You closely miss the gnoll.
The gnoll is heavily wounded.
The gnoll closely misses you. x3
The gnoll hits you from afar with a +0 spear.
The gnoll barely misses you.
You closely miss the gnoll.
The gnoll is heavily wounded.
The gnoll misses you. x2; The gnoll barely misses you.
You hit the gnoll.
Space bends around the gnoll.
You kill the gnoll!
The gnoll hits you but does no damage.
The gnoll hits you from afar with a +0 spear.
* * * LOW HITPOINT WARNING * * *
The gnoll barely misses you. The gnoll barely misses you.
The gnoll hits you with a +0 spear.
You die...

##########
.......<.#
#..#####.#
#<# #.#
#.#
#.#####.#
#.!.g@..#
####g####
#. #. #.
.. .. ..


You could see 2 gnolls.

Vanquished Creatures
  A gnoll (D:3)
  3 adders (D:2)
  An ooze (D:1)
  3 worms (D:2)
  2 dart slugs (D:1)
  2 leopard geckos
  4 bats
  5 goblins
  10 hobgoblins
  6 jackals
  A quokka (D:2)
  A ball python (D:1)
  10 frilled lizards
  2 kobolds (D:1)
  6 rats
57 creatures vanquished.

Notes
Turn   | Place    | Note
-------+----------+-------------------------------------------
     0 | D:1      | Saba the Gargoyle Hunter began the quest for the Orb.
     0 | D:1      | Reached XP level 1. HP: 12/12 MP: 1/1
   148 | D:1      | Reached XP level 2. HP: 17/18 MP: 2/2
   499 | D:1      | Reached skill level 1 in Armour
   537 | D:1      | Reached XP level 3. HP: 20/22 MP: 3/3
  1250 | D:2      | Found a shadowy altar of Dithmenos.
  1430 | D:2      | Reached XP level 4. HP: 17/27 MP: 4/4
  2440 | D:3      | Slain by a gnoll

Illustrated notes

Levels and vault maps discovered:
D:1:      dpeg_arrival_windows_large_door, layout_basic, minmay_lizard_pond
D:2:      layout_loops_ring, grunt_dithmenos_smoke, minmay_misc_feat_chi
D:3:      layout_loops_corners, small_statue_intersection

Skill      XL: |  1  2  3  4 |
---------------+-------------+-----
Armour         | 1 2 |  2.2
Dodging        | 2 |  2.4
Fighting       | 3 |  3.2
Crossbows      | |  4.5
Stealth        | |  1.1

Action                   |  1- 3 |  4- 6 || total
-------------------------+-------+-------++-------
Melee: Mace              |    99 |    56 ||   155
       Short sword       |     8 |       ||     8
 Stab: Sleeping          |     1 |       ||     1
Armor: Leather armour    |    85 |    12 ||    97
Dodge: Dodged            |   114 |    46 ||   160
